 Dungeon Crawl Stone Soup version 0.31-a0-740-g87205ac768 (webtiles) character file.

Game seed: 4624856620873304551

15 GigaChad the Trooper (level 2, -2/24 HPs)
             Began as a Human Monk on Sept 12, 2023.
             Slain by Sigmund
             ... wielding a +0 scythe
              (8 damage)
             ... on level 2 of the Dungeon.
             The game lasted 00:01:45 (1052 turns).

GigaChad the Trooper (Human Monk)                   Turns: 1052, Time: 00:01:46

Health: -2/24      AC:  8    Str: 11    XL:     2   Next: 65%
Magic:  2/2        EV:  6    Int: 10    God:
Gold:   88         SH:  0    Dex: 15    Spells: 1/1 levels left

rFire   . . .        a - +0 spear
rCold   . . .        d - orb {light}
rNeg    . . .        m - +0 chain mail of Satisfaction {Rampage}
rPois   .            (no helmet)
rElec   .            (no cloak)
rCorr   .            (no gloves)
SInv    .            (no boots)
Will    .....        (no amulet) Stlth
                     (no ring)
HPRegen 0.24/turn    (no ring)
MPRegen 0.08/turn

%: rampage
@: glowing
A: no striking features
a: no special abilities


You were on level 2 of the Dungeon.
You visited 1 branch of the dungeon, and saw 2 of its levels.

You collected 88 gold pieces.

Inventory:

Hand Weapons
 a - a +0 spear (weapon)
Armour
 b - a +0 robe
 d - an orb of light (worn)
 i - a +0 leather armour
 m - the +0 chain mail of Satisfaction (worn) {Rampage}
   (You found it on level 2 of the Dungeon)

   Rampage:   It bestows one free step when moving towards enemies.
Talismans
 l - a beast talisman
Scrolls
 e - a scroll of butterflies {unknown}
 g - 2 scrolls of blinking {unknown}
Potions
 c - a potion of ambrosia
 f - 2 potions of heal wounds {unknown}
 h - a potion of degeneration {unknown}
 j - a potion of lignification {unknown}
 k - a potion of berserk rage {unknown}


   Skills:
 * Level 3.2 Fighting
 * Level 3.1 Polearms
 * Level 3.2 Dodging
 * Level 0.8 Stealth


You had one spell level left.
You didn't know any spells.
Your spell library was empty.

Dungeon Overview and Level Annotations

Branches:
Dungeon (2/15)

Altars:

Annotations:
D:2 Sigmund


Message History

You see here a rat corpse.
You now have 88 gold pieces (gained 16).
Sigmund the Dreaded comes into view.
He is wielding a +0 scythe.
Sigmund shouts!
Sigmund gestures at you while chanting.
You are confused.
You are too confused!
You are too confused!
Sigmund barely misses you.
You're too confused to move!
Sigmund gestures at you while chanting. You resist with significant effort.
You feel less confused. Sigmund hits you but does no damage.
You barely miss Sigmund. Sigmund hits you with a +0 scythe.
You hit Sigmund.
Sigmund is lightly wounded.
Sigmund hits you but does no damage.
You hit Sigmund.
Sigmund is moderately wounded.
You hit Sigmund.
Sigmund is moderately wounded.
Sigmund points at you and mumbles some strange words.
You are confused.
You hit Sigmund.
Sigmund is heavily wounded.
Sigmund hits you but does no damage.
You hit Sigmund.
Sigmund is heavily wounded.
You hit Sigmund but do no damage.
Sigmund is heavily wounded.
Sigmund says, "Your kind have come here before.
I understand now why.
You desire death..."
Sigmund hits you with a +0 scythe! Sigmund hits you with a +0 scythe!
* * * LOW HITPOINT WARNING * * *
You bump into the rock wall.
You feel less confused. Sigmund hits you with a +0 scythe!
You die...
Sigmund begins carving another notch in his scythe.

.... #.##....
#..##.##..# #........#
#.......#####
#...†...##..# #
#..#.....##..##....
... #.#....†[......#
#.#####...#........#.#
#.....@@###.).##.###
...####.# #.### .#
#.###.# ... #.##..##.#
## #.##.....#
#.##<...##
#.....##...# #..####
##... ...... ###


You could see Sigmund.

Vanquished Creatures
  A bat (D:1)
  2 endoplasms (D:1)
  A goblin (D:1)
  A hobgoblin (D:1)
  3 kobolds (D:1)
  A quokka (D:2)
  2 frilled lizards
  4 rats
15 creatures vanquished.

Notes
Turn   | Place    | Note
-------+----------+-------------------------------------------
     0 | D:1      | GigaChad the Human Monk began the quest for the Orb.
     0 | D:1      | Reached XP level 1. HP: 18/18 MP: 1/1
   294 | D:1      | Reached XP level 2. HP: 21/24 MP: 2/2
   998 | D:2      | Identified the +0 robe of Hopscotch {Int+3}
  1014 | D:2      | Identified the +0 chain mail of Satisfaction {Rampage}
  1034 | D:2      | Noticed Sigmund
  1052 | D:2      | Slain by Sigmund

Illustrated notes

Levels and vault maps discovered:
D:1:      wander_arrival_abandoned_jail, layout_basic
D:2:      layout_rooms, hangedman_decor_growths, uniq_sigmund,
          uniq_crazy_yiuf_cottage

Action                     || total
---------------------------++-------
  Melee: Spear             ||    55
   Stab: Sleeping          ||     1
 Armour: Robe              ||     6
         Leather armour    ||     8
         Chain mail        ||     7
  Dodge: Dodged            ||    11

Table legend: (Time is in decaauts)
 A = Elapsed time spent in this place.
 B = Non-inter-level travel time spent in this place.
 C = Inter-level travel time spent in this place.
 D = Time resting spent in this place.
 E = Time spent auto-exploring this place.
 F = Levels seen in this place.
 G = Mean time per level.
                   A        B        C        D        E       F      G
               +--------+--------+--------+--------+--------+-----+--------+
         Total |   1049 |   1019 |     30 |      0 |    837 |   2 |  524.5 |
       Dungeon |   1049 |   1019 |     30 |      0 |    837 |   2 |  524.5 |
               +--------+--------+--------+--------+--------+-----+--------+

Top non-repeatable levels by time:
     D:1: 961 daAuts
     D:2: 88 daAuts
